 Dungeon Crawl Stone Soup version 0.31-a0-986-g5e6e4ef867 (webtiles) character file.

Game seed: 15402887449034268629

51155 avis the Metamorph (level 14, -7/41 HPs)
             Began as a Felid Shapeshifter on Nov 20, 2023.
             Was an Initiate of Gozag.
             Mangled by an orc warrior
             ... wielding a +0 war axe
              (12 damage)
             ... on level 2 of the Orcish Mines on Nov 21, 2023.
             The game lasted 02:29:15 (27315 turns).

avis the Metamorph (Felid Shapeshifter)            Turns: 27315, Time: 02:29:15

Health: -7/41      AC:  7    Str: 12    XL:     14   Next: 22%
Magic:  21/21      EV: 33    Int: 12    God:    Gozag
Gold:   1714       SH:  0    Dex: 20    Spells: 11/21 levels left
                                        Lives:  0   Deaths: 5

rFire   . .          .
                       - Unarmed
rCold   + + .        (shield unavailable)
rNeg    + + +        (body armour unavailable)
rPois   ∞            (helmet unavailable)
rElec   .            (cloak unavailable)
rCorr   .            (gloves unavailable)
SInv    +            (boots unavailable)
Will    +++..        (no amulet)
Stlth   ++++         u - ring of Xom's Sleight of Hands {Str+2 SInv Stlth+}
HPRegen 0.26/turn    o - +4 ring of protection
MPRegen 0.17/turn

%: no passive effects
@: death-form, gold aura, quick
A: vile attack, torment immunity, no potions, reduced hp, very small, claws 1,
fangs 3, see invisible, speed 1, shaggy fur 3, stealthy paws, no weapons or
thrown items, no armour, multi-lived
a: Siphon Essence, Begin Untransformation, Renounce Religion, Potion Petition,
Call Merchant, Bribe Branch


You were on level 2 of the Orcish Mines.
You worshipped Gozag.
Gozag was most pleased with you.
You were an undying horror.
You visited 4 branches of the dungeon, and saw 18 of its levels.
You also visited: Ossuary.

You collected 4808 gold pieces.
You spent 1641 gold pieces at shops.
You paid 1453 gold pieces to Gozag.

Inventory:

Jewellery
 c - a ring of positive energy
 k - a ring of protection from cold
 o - a +4 ring of protection (right paw)
 t - a ring of wizardry
 u - the ring of Xom's Sleight of Hands (left paw) {Str+2 SInv Stlth+}
   (You found it on level 3 of the Dungeon)

   [ring of see invisible]

   Str+2:     It affects your strength (+2).
   SInv:      It lets you see invisible.
   Stlth+:    It makes you more stealthy.
 v - a ring of magical power
 A - an amulet of guardian spirit
 F - a ring of flight
Talismans
 f - a flux talisman
 l - the blade talisman of Twilight {*Corrode rPois rF+ Int+4}
   (You found it on level 10 of the Dungeon)

   [blade talisman]

   Int+4:     It affects your intelligence (+4).
   rF+:       It protects you from fire.
   rPois:     It protects you from poison *Corrode: It may corrode you when you
   take damage.
 s - a serpent talisman
 X - a talisman of death (active)
Wands
 E - a wand of flame (26)
Scrolls
 d - 4 scrolls of poison
 g - 2 scrolls of blinking
 i - 2 scrolls of vulnerability
 j - 4 scrolls of fog
 m - 4 scrolls of fear
 q - 5 scrolls of teleportation
 w - 2 scrolls of silence
 x - 5 scrolls of revelation
Potions
 a - a potion of lignification
 b - 2 potions of heal wounds
 e - 3 potions of brilliance
 h - 4 potions of might
 n - a potion of curing
 p - 5 potions of enlightenment
 r - 2 potions of haste
 z - a potion of cancellation
 B - a potion of resistance
 D - 2 potions of ambrosia


   Skills:
 - Level 5.0 Fighting
 - Level 18.0 Dodging
 - Level 4.0 Stealth
 - Level 5.0 Unarmed Combat
 - Level 4.0 Spellcasting
 - Level 10.0 Translocations
 - Level 4.0 Evocations
 * Level 20.0 Shapeshifting


You had 11 spell levels left.
You knew the following spells:

 Your Spells              Type           Power      Damage    Failure   Level
b - Blink                 Tloc           52%        N/A       1%          2
g - Passage of Golubria   Tloc           26%        N/A       3%          4
m - Manifold Assault      Tloc           26%        N/A       3%          4

Your spell library contained the following spells:

 Spells                   Type           Power      Damage    Failure   Level
 Magic Dart               Conj           8%         1d3       22%         1
 Shock                    Conj/Air       8%         1d3       22%         1
 Call Imp                 Summ           4%         N/A       32%         2
 Scorch                   Fire           4%         2d5       32%         2
 Mephitic Cloud           Conj/Pois/Air  2%         N/A       54%         3
 Summon Guardian Golem    Hex/Summ       2%         N/A       54%         3
 Swiftness                Air            2%         N/A       54%         3
 Tukima's Dance           Hex            2%         N/A       54%         3
 Airstrike                Air            1%         2d(1-17)  91%         4
 Flame Wave               Conj/Fire      2%         2d4       91%         4
 Yara's Violent Unravell  Hex/Tmut       1%         3d3       99%         5
 Summon Cactus Giant      Summ           1%         N/A       100%        6
 Orb of Destruction       Conj           1%         9d5       100%        7
 Spellforged Servitor     Conj/Summ      1%         N/A       100%        7


Dungeon Overview and Level Annotations

Branches:
Dungeon (10/15)            Temple (1/1) D:4            Lair (5/5) D:9
 Shoals (0/4) Lair:2        Snake (0/4) Lair:3        Slime (0/5) Lair:4
    Orc (2/2) D:10            Elf (0/3) Orc:2       Ossuary (visited)

Altars:
Ashenzari
Cheibriados
Dithmenos
Elyvilon
Fedhas
Gozag
Hepliaklqana
Kikubaaqudgha
Makhleb
Nemelex Xobeh
Okawaru
Qazlal
Ru
Sif Muna
Trog
Uskayaw
Vehumet
Wu Jian
Xom
Yredelemnul
Zin
The Shining One

Shops:
Lair:1 =   Lair:5 ?

Portals:
Abyss: D:6

Annotations:
D:6 2 transporters, boiyoioing's ghost, novice GnCA
Lair:3 2 transporters, Pooter's ghost, journeyman MiBe


Innate Abilities, Weirdness & Mutations

You are an undying horror.
Your melee and unarmed attacks drain, slow and weaken victims.
You are immune to unholy pain and torment.
You cannot drink.
Your maximum health is decreased, since you lack skill for your form.
You are immune to poison.
You have sharp claws.
You have razor-sharp teeth.
You have supernaturally acute eyesight. (SInv)
You cover ground quickly. (Speed+)
Your thick and shaggy fur keeps you warm. (AC +3, rC+)
Your paws help you pounce on unaware monsters.
You are incapable of wielding weapons or throwing items.
You cannot wear armour.
You gain extra lives every three experience levels.


Message History

You claw the orc wizard!
You kill the orc wizard!
The orc high priest mumbles some strange prayers to Beogh.
The orc wizard gestures at you while chanting.
The puff of flame hits you.
The orc high priest utters an invocation to Beogh.
The orc warrior completely misses you. The orc wizard completely misses you.
The orc warrior completely misses you.
Items here: $ )) [.
You claw the orc wizard!
The orc wizard decays.
You drain the orc wizard.
You kill the orc wizard!
The orc completely misses you.
The orc warrior completely misses you. x2
You barely miss the orc. The orc completely misses you.
The orc warrior closely misses you. The orc warrior misses you.
The orc warrior unwields a +0 orcbow.
The orc warrior wields a +0 morningstar.
The orc warrior closely misses you.
You closely miss the orc. You bite the orc.
The orc is heavily wounded.
The sixfirhy completely misses you. The orc warrior misses you.
The orc warrior completely misses you.
You barely miss the sixfirhy.
The orc warrior is distracted by your dazzling golden aura.
The orc high priest is distracted by your dazzling golden aura.
The orc warrior completely misses you.
The orc warrior shouts!
The orc high priest shouts!
You claw the orc warrior!
The orc warrior decays.
You drain the orc warrior.
The orc warrior is no longer distracted by gold.
The orc warrior is heavily wounded.
The orc warrior closely misses you. The orc warrior completely misses you.
The orc wizard casts a spell.
The orc wizard flickers and vanishes for a moment.
You scratch the orc warrior but do no damage.
The orc warrior is heavily wounded.
The sixfirhy hits you! The sixfirhy shocks you!
* * * LOW HITPOINT WARNING * * *
The orc warrior hits you with a +0 war axe!
You die...
Your body crumbles into a pile of gold.

#..........>............^#....#.#
##..#...................#....## #
##<##........#....4#.o........##
#..................4.oo........##
##........................._....#
#.............[....o...........##
##.....#........o.o..............
#......#......o3oo..............
##.............#z#)..........# ..
#.....[..<.....).[...........##..
.....#.........................#.
.............<...................
#.........[...........<..........
..............................#..
#.............................##.
...............##..............##
...............#..............#..


You could see an orc high priest, an orange demon (summoned), a sixfirhy
(summoned), a red devil (summoned), 3 orc warriors, 2 orc wizards and 3 orcs.

Vanquished Creatures
  2 orc warlords (Orc:1)
  A dire elephant (Lair:3)
  Snorg (D:10)
  Erolcha (Orc:1)
  2 hydras
  Harold (D:10)
  Fannar (D:10)
  A catoblepas (Lair:1)
  A merfolk avatar (Lair:5)
  An orc high priest (D:10)
  Sonja (Lair:5)
  2 skysharks (Lair:4)
  A sea snake (Lair:4)
  3 orc knights (Orc:1)
  2 harpies (Lair:5)
  5 orc sorcerers
  An oklob plant (Lair:2)
  2 manticores (Lair:5)
  A merfolk siren (Lair:2)
  13 elephants
  3 black mambas
  An unseen horror (D:10)
  19 cane toads
  2 rime drakes
  9 komodo dragons
  3 trolls (Orc:1)
  3 merfolk (Lair:2)
  2 hornets (Lair:5)
  5 polar bears
  13 blink frogs
  A snapping turtle (Lair:5)
  A wraith (D:10)
  38 yaks
  A spriggan (Lair:5)
  2 wyverns
  2 basilisks (Lair:1)
  4 steam dragons
  3 wargs (D:9)
  3 nagas (Lair:3)
  10 water moccasins
  An acid dragon (D:9)
  21 orc warriors
  An ice beast (D:7)
  3 black bears
  4 ogres
  A centaur (D:7)
  16 wolves
  A phantom (D:5)
  An elf zombie (Ossuary)
  13 bullfrogs
  2 scorpions
  18 wights
  2 howler monkeys (D:9)
  4 human zombies (Ossuary)
  6 jellies
  6 hounds
  14 orc priests
  2 gnoll boudas
  4 iguanas
  A sleepcap (D:4)
  22 orc wizards
  2 mummies (Ossuary)
  12 gnolls
  6 adders
  2 shadow imps
  2 white imps (D:5)
  2 adder zombies (Ossuary)
  4 worms
  3 dart slugs
  69 orcs
  6 bats
  4 endoplasms
  A giant cockroach (D:3)
  8 goblins
  4 hobgoblins
  12 quokkas
  11 ball pythons
  7 frilled lizards
  A goblin zombie (Ossuary)
  5 hobgoblin zombies (Ossuary)
  A jackal zombie (Ossuary)
  9 kobolds
  10 kobold zombies (Ossuary)
  11 orc zombies (Ossuary)
  6 rats
  A rat zombie (Ossuary)
510 creatures vanquished.

Vanquished Creatures (others)
  An orc (D:6)
1 creature vanquished.

Grand Total: 511 creatures vanquished

Notes
Turn   | Place    | Note
-------+----------+-------------------------------------------
     0 | D:1      | avis the Felid Shapeshifter began the quest for the Orb.
     0 | D:1      | Reached XP level 1. HP: 9/9 MP: 2/2
   373 | D:1      | Reached XP level 2. HP: 13/13 MP: 3/3
   718 | D:1      | Reached XP level 3. HP: 16/16 MP: 4/4
  1293 | D:2      | Reached XP level 4. HP: 4/21 MP: 5/5
  1961 | D:3      | Found a radiant altar of Vehumet.
  1995 | D:3      | Reached skill level 5 in Dodging
  2054 | D:3      | Found a sacrificial altar of Ru.
  2487 | D:3      | Found a faded altar of an unknown god.
  2691 | D:3      | Reached XP level 5. HP: 24/24 MP: 6/6
  2819 | D:3      | Identified the ring of Xom's Sleight of Hands {Str+2 SInv
                  | Stlth+}
  3352 | D:4      | Found a broken altar of Ashenzari.
  3361 | D:4      | Reached skill level 4 in Shapeshifting
  3897 | D:4      | Reached skill level 1 in Stealth
  3897 | D:4      | Gained mutation: You are covered in thick fur. (AC +2)
                  | [Felid growth]
  3897 | D:4      | Reached XP level 6. HP: 20/28 MP: 7/7
  3934 | D:4      | Found a staircase to the Ecumenical Temple.
  3956 | Temple   | Entered the Ecumenical Temple
  4040 | D:4      | Found a shimmering altar of Xom.
  4049 | D:4      | Reached skill level 5 in Shapeshifting
  4227 | D:5      | Entered Level 5 of the Dungeon
  4374 | D:5      | Reached skill level 1 in Evocations
  4374 | D:5      | Reached skill level 6 in Shapeshifting
  4398 | D:5      | Reached XP level 7. HP: 20/31 MP: 8/8
  4621 | D:5      | Reached skill level 7 in Shapeshifting
  5338 | D:5      | Found a bloodstained altar of Trog.
  5602 | D:5      | Reached XP level 8. HP: 34/34 MP: 9/9
  5745 | D:6      | Found a transporter.
  6327 | D:6      | Found a transporter.
  6329 | D:6      | Noticed an ancient zyme
  6335 | D:6      | Found a one-way gate to the infinite horrors of the Abyss.
  6335 | D:6      | Noticed boiyoioing's ghost (novice GnCA)
  6339 | D:6      | Noticed a toenail golem
  6604 | D:6      | Reached skill level 8 in Shapeshifting
  6867 | D:6      | Slain by a wight
  7036 | D:6      | Reached skill level 9 in Shapeshifting
  7074 | D:6      | You fall into a shaft and drop 2 floors!
  7133 | D:7      | Found a snail-covered altar of Cheibriados.
  7164 | D:7      | Identified a scroll of acquirement
  7164 | D:7      | Acquired a manual of Shapeshifting
  7304 | D:7      | Reached XP level 9. HP: 34/37 MP: 8/10
  7399 | D:7      | Found an opulent altar of Gozag.
  7407 | D:7      | Became a worshipper of Gozag Ym Sagoz the Greedy
  7476 | D:7      | Found a sand-covered staircase.
  7481 | Ossuary  | Entered an ossuary
  7485 | Ossuary  | Learned a level 2 spell: Blink
  7490 | Ossuary  | Learned a level 4 spell: Manifold Assault
  7822 | Ossuary  | Reached skill level 10 in Shapeshifting
  8166 | D:7      | Found a white marble altar of Elyvilon.
  8166 | D:7      | Found a hide-covered altar of Uskayaw.
  8173 | D:7      | Found an ancient bone altar of Kikubaaqudgha.
  8175 | D:7      | Found an ornate altar of the Wu Jian Council.
  8176 | D:7      | Found an iron altar of Okawaru.
  8387 | D:6      | Reached skill level 10 in Dodging
  8652 | D:6      | Found a shimmering blue altar of Sif Muna.
  9542 | D:7      | Reached skill level 11 in Shapeshifting
 10134 | D:8      | Reached skill level 12 in Shapeshifting
 10260 | D:9      | Found a staircase to the Lair.
 10297 | D:9      | Found a stormy altar of Qazlal.
 10322 | D:8      | Reached XP level 10. HP: 42/42 MP: 11/11
 10523 | D:9      | Reached skill level 13 in Shapeshifting
 11594 | D:9      | Reached skill level 14 in Shapeshifting
 11864 | Gauntlet | Identified the "Utalieso"
 11864 | Lair:1   | Entered Level 1 of the Lair of Beasts
 11865 | Lair:1   | Noticed an elephant
 11865 | Lair:1   | Noticed an elephant
 11865 | Lair:1   | Noticed a cane toad
 11866 | Lair:1   | Noticed an elephant
 11902 | D:9      | Killed an elephant
 11905 | D:9      | Killed an elephant
 11928 | Lair:1   | Noticed an elephant
 11951 | D:9      | Killed a cane toad
 11957 | D:9      | Killed an elephant
 12055 | D:9      | Killed an elephant
 12145 | Lair:1   | Reached skill level 15 in Dodging
 12145 | Lair:1   | Reached XP level 11. HP: 24/45 MP: 8/12
 12580 | D:9      | Reached skill level 15 in Shapeshifting
 12690 | Lair:1   | Noticed a catoblepas
 12962 | Lair:1   | Reached skill level 16 in Shapeshifting
 13369 | Lair:1   | Killed a catoblepas
 13370 | Lair:1   | Reached skill level 17 in Shapeshifting
 13906 | Lair:1   | HP: 1/54 [cane toad (10)]
 14163 | Lair:1   | Gained mutation: Your thick and shaggy fur keeps you warm.
                  | (AC +3, rC+) [Felid growth]
 14163 | Lair:1   | Reached XP level 12. HP: 23/48 MP: 9/13
 14409 | Lair:2   | Reached skill level 18 in Shapeshifting
 14694 | Lair:2   | Found a staircase to the Shoals.
 15070 | Lair:2   | HP: 2/72 [merfolk/+0 trident (8)]
 15072 | Lair:2   | Slain by a merfolk
 15103 | Lair:1   | Bought a talisman of death for 1200 gold pieces
 15586 | Lair:3   | Noticed a five-headed hydra
 15676 | Lair:2   | Killed a five-headed hydra
 15677 | Lair:2   | Reached skill level 5 in Fighting
 15808 | Lair:2   | Reached skill level 1 in Translocations
 15812 | Lair:2   | Reached skill level 1 in Spellcasting
 16333 | Lair:3   | Noticed a four-headed hydra
 16346 | Lair:3   | Killed a four-headed hydra
 16347 | Lair:3   | Reached skill level 5 in Translocations
 16427 | Lair:3   | Found a staircase to the Snake Pit.
 16563 | Lair:3   | Noticed Pooter's ghost (journeyman MiBe)
 16563 | Lair:3   | Noticed a seven-headed hydra
 16564 | Lair:3   | Noticed a four-headed hydra
 16572 | Lair:3   | Noticed a death yak
 16600 | Lair:3   | Found a transporter.
 16614 | Lair:3   | Found a transporter.
 16826 | Lair:3   | Learned a level 4 spell: Passage of Golubria
 18160 | Lair:4   | Found a staircase to the Slime Pits.
 18307 | Lair:4   | Reached XP level 13. HP: 21/54 MP: 9/20
 18967 | Lair:5   | Entered Level 5 of the Lair of Beasts
 19139 | Lair:5   | Noticed Sonja
 19201 | Lair:4   | Reached skill level 10 in Translocations
 19273 | Lair:5   | Killed Sonja
 19850 | Lair:5   | Noticed a dire elephant
 20111 | Lair:3   | Killed a dire elephant
 20377 | Lair:5   | Paralysed by a hornet for 3 turns
 20378 | Lair:5   | HP: 1/54 [skyshark (9)]
 20378 | Lair:5   | Slain by a skyshark
 22374 | Lair:5   | Identified the +10 bardiche of Valour {speed, rElec Will+
                  | Int-5}
 22432 | Lair:5   | Bought a scroll of revelation for 127 gold pieces
 22432 | Lair:5   | Bought a scroll of silence for 161 gold pieces
 22432 | Lair:5   | Bought a scroll of poison for 68 gold pieces
 22432 | Lair:5   | Bought a scroll of identify for 34 gold pieces
 22432 | Lair:5   | Bought a scroll of teleportation for 51 gold pieces
 22534 | D:10     | Entered Level 10 of the Dungeon
 22682 | D:10     | Noticed Harold
 22814 | D:10     | Killed Harold
 22829 | D:10     | Reached skill level 5 in Unarmed Combat
 23269 | D:10     | Identified the +8 mace of Qoixag {elec, rPois rF- Will+
                  | Dex+4}
 23340 | D:10     | Identified the blade talisman of Twilight {*Corrode rPois
                  | rF+ Int+4}
 23370 | D:10     | Found a staircase to the Orcish Mines.
 23673 | Orc:1    | Entered Level 1 of the Orcish Mines
 23673 | Orc:1    | Noticed Snorg
 23680 | Orc:1    | Noticed Fannar
 23684 | Orc:1    | Noticed Erolcha
 23752 | D:10     | Killed Fannar
 23753 | D:10     | Reached skill level 19 in Shapeshifting
 23924 | D:10     | Killed Snorg
 24095 | Orc:1    | Killed Erolcha
 24317 | Orc:2    | Entered Level 2 of the Orcish Mines
 24325 | Orc:2    | Noticed an orc warlord
 24588 | Orc:1    | HP: 1/54 [orc warlord/+1 battleaxe of freezing (2)]
 24593 | Orc:1    | Annihilated by an orc warlord
 24645 | Orc:1    | Reached XP level 14. HP: 37/58 MP: 15/21
 25418 | Orc:1    | Killed an orc warlord
 25588 | Orc:2    | Found a staircase to the Elven Halls.
 25943 | Orc:2    | Noticed an orc warlord
 26201 | Orc:1    | Killed an orc warlord
 26352 | Orc:2    | Slain by a sixfirhy
 27119 | Orc:1    | Reached skill level 20 in Shapeshifting
 27315 | Orc:2    | Mangled by an orc warrior

Illustrated notes

Levels and vault maps discovered:
D:1:      minmay_arrival_three_doors, layout_loops_corners,
          hangedman_decor_clover_reticule, minmay_misc_feat_nine_boxes
D:2:      layout_basic, minmay_misc_feat_five
D:3:      layout_loops_ring, nicolae_vehumet_radiance,
          mainiacjoe_overflow_cross_hatched, hellmonk_ecumenical_altar_blasted,
          minmay_increasing_density
D:4:      layout_basic, ashenzari_altar_1, tgw_xom,
          minmay_temple_entry_offerings
D:5:      layout_basic, lemuel_coloured_pillars_altar, minmay_quadrilaterals
D:6:      layout_cave_pods, kennysheep_mini, gammafunk_ghost_abyssal_escape
D:7:      layout_basic, nicolae_gozag_cash_rules_everything_around_me,
          nicolae_overflow_hidden_temple, chequers_temple_overflow_minitemple,
          enter_ossuary_2, kennysheep_generic_room_11
D:8:      layout_layer_cave
D:9:      layout_basic, mainiacjoe_overflow_boulevard, erik_lair_orcish_takeover
D:10:     layout_cave_pools, orc_0_dummy, uniq_harold
Temple:   hellmonk_temple_forest_ring
Lair:1:   layout_regular_city, grunt_megastairs_5
Lair:2:   layout_big_grid, elwin_shoals_entry_stream, minmay_lair_oklob_bushes
Lair:3:   layout_small_grid, nicolae_snake_entry_squirm, nzn_ghost_randoct,
          serial_bayou_lagoon_a
Lair:4:   layout_loops_ring, nicolae_slime_entry_field_trip,
          chequers_serial_rivers_micro_e, serial_bayou_shore_a,
          grunt_megastairs_1
Lair:5:   gammafunk_lair_ancient_temple, layout_misc_corridors,
          columned_hall_lemuel, grunt_forest_large_clearings, uniq_sonja
Orc:1:    layout_caves, uniq_snorg, uniq_erolcha, uniq_fannar
Orc:2:    st_orc_congregation, layout_caves, basic_altar,
          kennysheep_orc_sif_temple

Skill      XL: |  1  2  3  4  5  6  7  8  9 10 11 12 13 14 |
---------------+-------------------------------------------+-----
Fighting       | 2 3 5 |  5.0
Dodging        | 4 5 6 8 9 12 15 18 | 18.0
Shapeshifting  | 4 6 7 9 12 14 17 18 19 20 | 20.0
Stealth        | 1 2 3 4 |  4.0
Evocations     | 1 2 3 4 |  4.0
Translocations | 9 10 | 10.0
Spellcasting   | 4 |  4.0
Unarmed Combat | 5 |  5.0

Action                     |  1- 3 |  4- 6 |  7- 9 | 10-12 | 13-15 || total
---------------------------+-------+-------+-------+-------+-------++-------
  Melee: Unarmed           |   113 |   164 |   515 |   856 |   835 ||  2483
         Bite              |     5 |    11 |    73 |   120 |   126 ||   335
         Punch             |     1 |     1 |     2 |       |    22 ||    26
         Constrict         |       |       |     4 |    25 |       ||    29
   Cast: Blink             |       |       |     1 |       |     1 ||     2
         Manifold Assault  |       |       |       |    13 |    91 ||   104
 Invoke: Call Merchant     |       |       |       |     1 |     1 ||     2
Ability: Siphon Essence    |       |       |       |       |     2 ||     2
  Evoke: Wand              |       |       |     3 |     7 |     3 ||    13
    Use: Scroll            |       |     6 |    11 |     4 |     3 ||    24
         Potion            |       |       |     1 |     8 |       ||     9
   Stab: Sleeping          |     1 |    13 |     8 |     2 |     3 ||    27
         Paralysed         |       |       |     6 |       |       ||     6
         Invisible         |       |       |     5 |     1 |       ||     6
         Distracted        |       |       |     1 |     1 |     2 ||     4
 Armour: Skin              |    34 |    31 |   119 |   222 |   227 ||   633
  Dodge: Dodged            |    97 |   124 |   399 |   817 |  1217 ||  2654
   Form: Flux              |       |       |     2 |     3 |       ||     5
         Anaconda          |       |       |     1 |     2 |       ||     3
         Death             |       |       |       |     1 |     3 ||     4
         Blade             |       |       |       |       |     2 ||     2

Table legend: (Time is in decaauts)
 A = Elapsed time spent in this place.
 B = Non-inter-level travel time spent in this place.
 C = Inter-level travel time spent in this place.
 D = Time resting spent in this place.
 E = Time spent auto-exploring this place.
 F = Levels seen in this place.
 G = Mean time per level.
                   A        B        C        D        E       F      G
               +--------+--------+--------+--------+--------+-----+--------+
         Total |  24538 |  22905 |   1633 |   8031 |   6714 |  19 | 1291.5 |
       Dungeon |  11636 |  10562 |   1074 |   2505 |   4592 |  10 | 1163.6 |
        Temple |      5 |      5 |      0 |      0 |      0 |   1 |    5.0 |
          Lair |   9424 |   8889 |    535 |   3778 |   1831 |   5 | 1884.8 |
  Orcish Mines |   2974 |   2950 |     24 |   1708 |    290 |   2 | 1487.0 |
       Ossuary |    497 |    497 |      0 |     38 |      0 |   1 |  497.0 |
               +--------+--------+--------+--------+--------+-----+--------+

Top non-repeatable levels by time:
   Orc:1: 2420 daAuts
  Lair:4: 2138 daAuts
     D:9: 2045 daAuts
  Lair:5: 1902 daAuts
  Lair:1: 1852 daAuts
  Lair:3: 1840 daAuts
  Lair:2: 1689 daAuts
     D:5: 1509 daAuts
     D:6: 1265 daAuts
     D:7: 1225 daAuts
    D:10: 1087 daAuts
     D:1: 1076 daAuts
     D:4: 991 daAuts
     D:3: 961 daAuts
     D:8: 855 daAuts
